 Dungeon Crawl Stone Soup version 0.32-a0-450-g080537f31e (webtiles) character file.

Game seed: 10011816496410515177

145 Dittersdorf the Shield-Bearer (level 5, -2/33 HPs)
             Began as a Gargoyle Fighter on Feb 23, 2024.
             Slain by an orc warrior
             ... wielding a +0 flail
              (6 damage)
             ... on level 4 of the Dungeon.
             The game lasted 00:02:16 (2746 turns).

Dittersdorf the Shield-Bearer (Gargoyle Fighter)    Turns: 2746, Time: 00:02:16

Health: -2/33      AC: 14    Str: 28    XL:     5   Next: 27%
Magic:  5/5        EV:  8    Int:  8    God:
Gold:   219        SH:  4    Dex:  9    Spells: 4/4 levels left

rFire   . . .        v - +3 whip (vamp)
rCold   . . .        c - +0 buckler
rNeg    + . .        w - +0 chain mail
rPois   ∞            (no helmet)
rElec   +            r - +0 cloak
rCorr   .            (no gloves)
SInv    .            (no boots)
Will    .....        (no amulet) Stlth
                     q - +6 ring of strength
HPRegen 0.25/turn    (no ring)
MPRegen 0.09/turn

%: no passive effects
@: no status effects
A: sickness immunity, AC +4, negative energy resistance 1, electricity
resistance, torment resistance 1, petrification resistance
a: no special abilities


You were on level 4 of the Dungeon.
You visited 1 branch of the dungeon, and saw 4 of its levels.

You collected 219 gold pieces.

Inventory:

Hand Weapons
 a - a +0 flail
 v - a +3 vampiric whip (weapon)
Armour
 c - a +0 buckler (worn)
 r - a +0 cloak (worn)
 w - a +0 chain mail (worn)
Jewellery
 q - a +6 ring of strength (left hand)
Scrolls
 b - 2 scrolls of enchant armour {unknown}
 e - a scroll of butterflies {unknown}
 g - 2 scrolls of teleportation {unknown}
 h - a scroll of fear {unknown}
 j - a scroll of enchant weapon {unknown}
 m - a scroll of vulnerability {unknown}
 n - 3 scrolls of identify {unknown}
 s - 2 scrolls of fog {unknown}
Potions
 d - a potion of might
 f - a potion of curing {unknown}
 i - a potion of cancellation {unknown}
 k - 2 potions of haste {unknown}
 o - 2 potions of magic {unknown}
 u - a potion of degeneration {unknown}


   Skills:
 + Level 4.2 Fighting
 + Level 3.1 Maces & Flails
 + Level 4.2 Armour
 + Level 4.2 Shields


You had 4 spell levels left.
You didn't know any spells.
Your spell library was empty.

Dungeon Overview and Level Annotations

Branches:
Dungeon (4/15)
 Temple: D:4-7

Altars:


Innate Abilities, Weirdness & Mutations

You are immune to sickness and miasma.
Your stone body is resilient. (AC +4)
You are immune to poison.
You resist negative energy. (rN+)
You are resistant to electric shocks. (rElec)
You are resistant to unholy torment.
You are immune to petrification.


Message History

You are too injured to fight recklessly!
You are too injured to fight recklessly!
You are too injured to fight recklessly!
You are too injured to fight recklessly!
The wyvern attacks as it pursues you! The wyvern barely misses you.
The phantom closely misses you.
The wyvern bites you but does no damage.
The phantom attacks as it pursues you! The phantom barely misses you.
The phantom attacks as it pursues you!
The phantom hits you but does no damage.
You whack the phantom!
The phantom is severely damaged.
The phantom barely misses you.
You hit the phantom.
The phantom is almost destroyed.
The phantom hits you but does no damage.
You hit the phantom.
You destroy the phantom!
Your Fighting skill increases to level 4!
Your Maces & Flails skill increases to level 3!
Your Armour skill increases to level 4!
You have reached level 5!
You closely miss the orc warrior.
The orc warrior hits you with a +0 flail.
You closely miss the orc warrior. You block the orc warrior's attack.
You hit the orc warrior.
You feel better.
The orc warrior is moderately wounded.
The orc warrior hits you with a +0 flail.
* * * LOW HITPOINT WARNING * * *
You closely miss the orc warrior.
The orc warrior is moderately wounded.
The orc warrior hits you but does no damage.
You closely miss the orc warrior.
The orc warrior is moderately wounded.
The orc warrior hits you with a +0 flail.
* * * LOW HITPOINT WARNING * * *
You barely miss the orc warrior.
The orc warrior is moderately wounded.
The orc warrior hits you with a +0 flail.
You die...

,*****,#...#,,,**#...,,*
,**##*,#...#,*,##..#,#**
,,,>..,#....,*##..#*.#
,,,....#..g#,##..##..#
,****.....g###..g...#*
,* ***#..F##..#k#### **
#...#.k##F#
*******##.gF.###o#
,,,,........## #@#
,,**#####.### #.# ~,*
#.*#####.#
~,******#.*#.....#
~,,,,,,,..*#.#####
~,*,****##*#.# ~,*,* #.#
~,*,* #.# ~,,,* #.#


You could see an orc warrior, a wyvern, a bullfrog and a hobgoblin.

Vanquished Creatures
  A phantom (D:4)
  A gnoll (D:1)
  2 adders (D:2)
  A ribbon worm (D:3)
  2 orcs (D:3)
  4 endoplasms
  2 giant cockroaches
  4 goblins
  3 hobgoblins
  2 jackals (D:2)
  6 kobolds
  6 ball pythons
  4 bats
  4 rats
42 creatures vanquished.

Notes
Turn   | Place    | Note
-------+----------+-------------------------------------------
     0 | D:1      | Dittersdorf the Gargoyle Fighter began the quest for the
                  | Orb.
     0 | D:1      | Reached XP level 1. HP: 14/14 MP: 1/1
   104 | D:1      | Reached XP level 2. HP: 12/19 MP: 2/2
   652 | D:1      | Reached XP level 3. HP: 23/23 MP: 3/3
  1258 | D:2      | Reached XP level 4. HP: 29/29 MP: 4/4
  2719 | D:4      | Noticed a phantom
  2723 | D:4      | Noticed a wyvern
  2723 | D:4      | Noticed an orc warrior
  2726 | D:4      | Noticed a bullfrog
  2740 | D:4      | Killed a phantom
  2741 | D:4      | Reached XP level 5. HP: 15/33 MP: 5/5
  2746 | D:4      | Slain by an orc warrior

Illustrated notes

Levels and vault maps discovered:
D:1:      minmay_arrival_plants_in_alcoves, layout_basic,
          minmay_misc_feat_four_crosses
D:2:      layout_basic
D:3:      layout_loops_corners, minmay_misc_feat_roman
D:4:      cheibrodos_old_hovel, layout_loops_ring,
          gammafunk_ghost_gnarly_gnolls, minmay_manual_mandibuliform,
          uniq_menkaure, uniq_duvessa, uniq_edmund

Skill      XL: |  1  2  3  4 |
---------------+-------------+-----
Shields        | 4 |  4.2
Fighting       | 4 |  4.2
Maces & Flails | 3 |  3.1
Armour         | 4 |  4.2

Action                     |  1- 3 |  4- 6 || total
---------------------------+-------+-------++-------
  Melee: Flail             |    81 |    22 ||   103
         Whip              |       |    22 ||    22
    Use: Scroll            |       |     2 ||     2
 Armour: Scale mail        |    38 |       ||    38
         Chain mail        |    21 |    33 ||    54
  Dodge: Dodged            |    36 |    14 ||    50
  Block: Buckler           |    18 |     9 ||    27

Table legend: (Time is in decaauts)
 A = Elapsed time spent in this place.
 B = Non-inter-level travel time spent in this place.
 C = Inter-level travel time spent in this place.
 D = Time resting spent in this place.
 E = Time spent auto-exploring this place.
 F = Levels seen in this place.
 G = Mean time per level.
                   A        B        C        D        E       F      G
               +--------+--------+--------+--------+--------+-----+--------+
         Total |   2775 |   2660 |    115 |    200 |   2073 |   4 |  693.8 |
       Dungeon |   2775 |   2660 |    115 |    200 |   2073 |   4 |  693.8 |
               +--------+--------+--------+--------+--------+-----+--------+

Top non-repeatable levels by time:
     D:3: 1108 daAuts
     D:1: 936 daAuts
     D:2: 628 daAuts
     D:4: 101 daAuts
